 Adventure DCSS version bcrawl-1.18.1 (webtiles) character file.

Game seed: 15160742827668532853

95147 polve the Grappler (level 15, -5/156 HPs)
             Began as a Troll Fighter on Nov 3, 2019.
             Was an Elder of Jiyva.
             Drowned by a water elemental (10 damage)
             ... on level 1 of the Elven Halls.
             The game lasted 00:49:24 (23231 turns).

polve the Grappler (Troll Fighter)                 Turns: 23231, Time: 00:49:24

Health: -5/156     AC: 17    Str: 30    XL:     15   Next: 28%
Magic:  18/18      EV: 21    Int:  5    God:    Jiyva [****..]
Gold:   2780       SH: 13    Dex: 21    Spells: 14/14 levels left
                                        Lives:  0   Deaths: 2

rFire    . . .     SeeInvis .     - Unarmed
rCold    + . .     Gourm    +   a - +0 shield
rNeg     + . .     Faith    .   (armour unavailable)
rPois    +         Spirit   .   t - +0 hat {MR+}
rElec    .         Reflect  .   D - +0 cloak
rCorr    +         Harm     .   (gloves unavailable)
MR       ++++.                  (boots unavailable)
Stlth    ++........             C - amulet of rage
HPRegen  1.16/turn              U - ring of the Stag {rPois rN+ Dex+4}
MPRegen  0.16/turn              L - ring of the Battered Dances {Str+2 Dex+3 Slay+3}

@: engulfed (cannot breathe)
A: large, almost no armour, unfitting armour, claws 3, iridescent scales 1, cold
resistance 1, fast metabolism 3, gourmand, magic resistance 2, regeneration 2,
acidic bite, gelatinous body 1, tendrils, AC +11
}: 1/15 runes: slimy
a: Request Jelly, Evolve, Slimify, Renounce Religion, Evoke Berserk Rage


You were on level 1 of the Elven Halls.
You worshipped Jiyva.
Jiyva was greatly pleased with you.
You were not hungry.

You visited 7 branches of the dungeon, and saw 29 of its levels.
You visited 1 bazaar.
You also visited: Sewer.

You collected 2822 gold pieces.
You spent 42 gold pieces at shops.

Inventory:

Hand Weapons
 n - the +7 long sword "polve's Doom" {venom, rF+ Str-5 Dex+2}
   (You found it on level 1 of the Snake Pit)

   It poisons the flesh of those it strikes.
   It affects your strength (-5).
   It affects your dexterity (+2).
   It protects you from fire.
Missiles
 S - 49 large rocks (quivered)
Armour
 a - a +0 shield (worn)
 t - a +0 hat of magic resistance (worn)
 D - a +0 cloak (worn)
 T - a scarf of stasis
Jewellery
 k - an uncursed amulet of guardian spirit
 s - a +4 amulet of reflection
 C - an amulet of rage (around neck)
 L - the ring of the Battered Dances (right claw) {Str+2 Dex+3 Slay+3}
   (You found it on level 5 of the Pits of Slime)

   [ring of dexterity]

   It affects your strength (+2).
   It affects your dexterity (+3).
   It affects your accuracy and damage with ranged weapons and melee attacks
   (+3).
 U - the ring of the Stag (left claw) {rPois rN+ Dex+4}
   (You found it on level 5 of the Pits of Slime)

   [ring of dexterity]

   It affects your dexterity (+4).
   It protects you from poison.
   It protects you from negative energy.
 X - the ring "Kyawnox" {+Fly rN+ Str+2}
   (You found it on level 5 of the Pits of Slime)

   [ring of flight]

   It affects your strength (+2).
   It protects you from negative energy.
   It lets you fly.
Wands
 h - a wand of digging (10)
 m - a wand of iceblast (32)
 q - a wand of paralysis (26)
 v - a wand of acid (22)
 A - a wand of flame (83)
 F - a wand of polymorph (13)
 I - a wand of random effects (17)
 J - a wand of enslavement (11)
 O - a wand of disintegration (7)
Scrolls
 d - 9 scrolls of remove curse
 f - 6 scrolls of blinking
 j - 7 scrolls of enchant weapon
 u - 3 scrolls of teleportation
 w - 3 scrolls of amnesia
 y - 4 scrolls of fear
 K - 11 scrolls of identify
 M - a scroll of silence
 N - 3 scrolls of fog
 P - a scroll of vulnerability
 Q - 2 scrolls of immolation
Potions
 b - 2 potions of might
 e - 11 potions of curing
 g - 3 potions of ambrosia
 i - 4 potions of cancellation
 l - 2 potions of resistance
 p - 12 potions of flight
 r - 2 potions of agility
 x - 6 potions of brilliance
 z - 3 potions of magic
 B - a potion of heal wounds
 E - 2 potions of haste
 H - a potion of lignification
 R - a potion of mutation
Miscellaneous
 o - a phial of floods
Comestibles
 c - 42 rations {!d}


   Skills:
 + Level 12.1 Fighting
 * Level 9.4 Throwing
 + Level 12.1 Dodging
 - Level 9.0 Shields
 + Level 14.8 Unarmed Combat
 - Level 6.0 Evocations


You had 14 spell levels left.
You didn't know any spells.
Your spell library contained the following spells:

 Spells                   Type           Power        Failure   Level  Hunger
 Blink Other              Tloc           #.....       47%         1    ##.....
 Corona                   Hex            #......      47%         1    ##.....
 Freeze                   Ice            #.....       47%         1    ##.....
 Pain                     Necr           #.....       47%         1    ##.....
 Sandblast                Erth           #.....       47%         1    ##.....
 Ensorcelled Hibernation  Hex/Ice        #.....       63%         2    ###....
 Passwall                 Tmut/Erth      #.......     63%         2    ###....
 Throw Frost              Conj/Ice       #.....       63%         2    ###....
 Confuse                  Hex            #.......     85%         3    ####...
 Dazzling Spray           Conj/Hex       #.....       85%         3    ####...
 Ozocubu's Armour         Chrm/Ice       #.......     85%         3    ####...
 Portal Projectile        Tloc           #.....       85%         3    ####...
 Stone Arrow              Conj/Erth      #.....       85%         3    ####...
 Tukima's Dance           Hex            #.......     85%         3    ####...
 Petrify                  Tmut/Erth      #.......     99%         4    #####..
 Summon Ice Beast         Ice/Summ       #.......     99%         4    #####..
 Throw Icicle             Conj/Ice       #.......     99%         4    #####..
 Lee's Rapid Deconstruct  Erth           #.........   100%        5    ######.
 Silence                  Hex/Air        #.........   100%        5    ######.
 Summon Lightning Spire   Summ/Air       #.......     100%        5    ######.
 Conjure Ball Lightning   Conj/Air       #.........   100%        6    #######
 Deflect Missiles         Chrm/Air       #.........   100%        6    #######
 Simulacrum               Ice/Necr       #.........   100%        6    #######
 Tornado                  Air            #.........   100%        9    #######


Dungeon Overview and Level Annotations

Branches:
Dungeon (12/12)            Temple (1/1) D:6            Lair (6/6) D:7
  Swamp (0/3) Lair:4        Snake (3/3) Lair:2        Slime (5/5) Lair:5
    Orc (1/1) D:9             Elf (1/3) Orc          Vaults (0/3) D:12
 Depths (0/5) D:12

Altars:
Ashenzari
Cheibriados
Dithmenos
Elyvilon
Fedhas
Gozag
Hepliaklqana
Kikubaaqudgha
Lugonu
Makhleb
Nemelex Xobeh
Okawaru
Qazlal
Ru
Sif Muna
Trog
Uskayaw
Vehumet
Wu Jian
Xom
Yredelemnul
Zin
The Shining One
Beogh
Jiyva

Shops:
D:6 ?   D:9 ([   Orc [%[:   Snake:2 (

Annotations:
Lair:1 2 runed translucent doors, dscm's ghost, journeyman OpAc
Slime:5 Royal Jelly


Innate Abilities, Weirdness & Mutations

You cannot wear most types of armour.
Your thick skin is tough. (AC +11)
You are too large for most types of armour.
You have claws for hands.
Your flesh is cold resistant. (rC+)
Your metabolism is lightning-fast.
You like to eat raw meat.
You heal very quickly.
You are partially covered in iridescent scales. (AC +2)
You are highly resistant to hostile enchantments. (MR++)
You have acidic saliva.
Your rubbery body absorbs attacks. (AC +1, EV +1)
You are covered in slimy tendrils that may disarm your opponents.


Message History

* * * LOW HITPOINT WARNING * * *
Your lungs strain for air!
The fire elemental barely misses you. You block the fire elemental's attack.
The water elemental hits you!
* * * LOW HITPOINT WARNING * * *
The fire elemental misses you.
* * * LOW HITPOINT WARNING * * *
Your lungs strain for air!
You block the fire elemental's attack.
The deep elf mage gestures at you while chanting.
The bolt of fire misses the fire elemental.
The bolt of fire misses you. The fire elemental misses you.
You block the water elemental's attack. You block the fire elemental's attack.
* * * LOW HITPOINT WARNING * * *
Your lungs strain for air!
The fire elemental misses you. You block the fire elemental's attack.
The water elemental completely misses you.
Bones file is buggy: /crawl-master/crawl-bcrawl/saves/bones/bones.store.Elf Clearing bad bones file: /crawl-master/crawl-bcrawl/saves/bones/bones.store.Elf You die...

#..###........#
#....'.......##
#.>..'......##
##..###.....## #...#
#####'# #..########.#
## #...........# ##.
#..#######. ... #'@#
.. #.EEE...# #######
#...Ee...... .......
#............ ........
#...........:.........
##.>.^............)...
##...................
##..................
.........


You could see a water elemental, a deep elf mage and 3 fire elementals.

Vanquished Creatures
  Gastronok (D:8)
  Kirke (Snake:1)
  2 nagarajas
  Aizul (Snake:2)
  A very ugly thing (D:12)
  An ettin (D:12)
  A deep elf death mage (Elf:1)
  2 ogre magi (D:12)
  The ghost of bande the Blocker, a journeyman GrFi of Okawaru (D:11)
  2 rakshasas
  A catoblepas (Lair:4)
  4 hydras
  A naga warrior (Snake:3)
  9 anacondas
  An alligator (Lair:6)
  5 centaur warriors
  5 dancing weapons (Elf:1)
  4 two-headed ogres
  8 death yaks (Lair:6)
  9 naga sharpshooters
  A tengu warrior (D:12)
  4 orc high priests (Orc)
  3 shock serpents
  A deep elf knight (Elf:1)
  3 salamander mystics
  An unseen horror (D:10)
  A naga ritualist (Snake:2)
  A deep troll (D:12)
  Pikel (D:8)
  A cyclops (Orc)
  A necromancer (Lair:3)
  6 mana vipers
  An orc sorcerer (Orc)
  8 salamanders
  3 manticores
  2 ugly things
  5 deep elf magi
  2 oklob plants (Lair:3)
  9 elephants
  28 black mambas
  Joseph (D:7)
  4 centaur zombies (D:10)
  Maurice (D:8)
  17 naga magi
  2 torpor snails
  4 guardian serpents
  9 cane toads
  6 komodo dragons
  A redback zombie (D:11)
  5 rime drakes
  4 trolls
  3 meliai (D:12)
  A queen bee (D:10)
  5 hornets
  5 polar bears (Lair:6)
  9 blink frogs
  A bog body (Lair:4)
  16 dream sheep
  Prince Ribbit (D:8)
  The ghost of polve the Ducker, an amateur VSMo (D:5)
  6 hippogriffs
  A centaur simulacrum (D:8)
  19 spriggans
  A wraith (D:10)
  2 water elementals (Elf:1)
  4 basilisks
  3 wyverns
  15 yaks
  3 hungry ghosts
  Grum (D:8)
  2 wargs
  20 nagas
  3 swamp worms (Lair:4)
  15 water moccasins
  13 porcupines
  A slave (D:8)
  23 orc warriors
  4 sky beasts
  2 elephant zombies (Lair:3)
  A necrophage (D:10)
  6 black bears
  10 ogres
  4 boggarts (Lair:6)
  3 phantoms
  4 ice beasts
  21 wolves
  9 centaurs
  4 big kobolds
  11 crocodiles
  10 bullfrogs
  4 scorpions
  21 killer bees
  3 wights (D:9)
  7 electric eels
  6 howler monkeys
  5 crimson imps
  A basilisk zombie (Lair:3)
  8 hounds
  27 orc priests
  25 orc wizards
  4 centaur skeletons
  2 iguanas
  10 worker ants
  A crocodile zombie (Lair:3)
  A hound skeleton (D:6)
  A worker ant zombie (D:5)
  7 adders
  2 river rats (Sewer)
  5 shadow imps
  4 oozes
  3 adder zombies
  2 adder skeletons
  5 worms
  2 dart slugs
  5 leopard geckos
  53 orcs
  4 goblins
  5 hobgoblins
  9 jackals
  20 kobolds
  6 quokkas
  2 ball pythons (Sewer)
  3 bats (D:3)
  5 frilled lizards
  A quokka zombie (D:6)
  7 rats
  5 plants
740 creatures vanquished.

Vanquished Creatures (collateral kills)
  Agnes (Snake:1)
  Donald (Orc)
  A mana viper (Snake:2)
  An elephant (Lair:6)
  2 black mambas
  A naga (Snake:2)
7 creatures vanquished.

Vanquished Creatures (others)
  A water elemental (Elf:1)
  A jelly (Lair:5)
  15 plants
17 creatures vanquished.

Grand Total: 764 creatures vanquished

Notes
Turn   | Place    | Note
-------+----------+-------------------------------------------
     0 | D:1      | polve the Troll Fighter began the quest for the Orb.
     0 | D:1      | Reached XP level 1. HP: 22/22 MP: 0/0
   412 | D:1      | Reached XP level 2. HP: 29/29 MP: 1/1
   762 | D:2      | Found an iron altar of Okawaru.
   981 | D:2      | Found a corrupted altar of Lugonu.
  1027 | D:2      | Reached skill level 3 in Unarmed Combat
  1027 | D:2      | Reached XP level 3. HP: 36/36 MP: 2/2
  1068 | D:2      | Gained mutation: Your natural rate of healing is unusually
                  | fast. [Troll growth]
  1068 | D:2      | Reached XP level 4. HP: 22/44 MP: 3/3
  1129 | D:2      | Found a sacrificial altar of Ru.
  1168 | D:2      | Found a shimmering blue altar of Sif Muna.
  1248 | D:2      | Found a glowing golden altar of the Shining One.
  1495 | D:2      | Found a basalt altar of Yredelemnul.
  1501 | D:2      | Noticed an angel
  1544 | D:3      | Noticed a bullfrog
  1549 | D:3      | Killed a bullfrog
  1549 | D:3      | Reached XP level 5. HP: 45/53 MP: 4/4
  1635 | D:3      | Reached skill level 4 in Unarmed Combat
  1705 | D:3      | Found a blossoming altar of Fedhas.
  1913 | D:3      | Reached XP level 6. HP: 61/61 MP: 5/5
  2096 | D:4      | Noticed a sky beast
  2113 | D:4      | Killed a sky beast
  2230 | D:4      | Noticed a water moccasin
  2241 | D:4      | Killed a water moccasin
  2241 | D:4      | Reached skill level 5 in Unarmed Combat
  2241 | D:4      | Reached XP level 7. HP: 48/68 MP: 6/6
  2685 | D:4      | Reached skill level 6 in Unarmed Combat
  2953 | D:4      | Got a wavering brass ring
  2955 | D:4      | Identified the ring "Jaxoysch" {rCorr Str-4 Int+5} (You
                  | found it on level 4 of the Dungeon)
  3034 | D:5      | Entered Level 5 of the Dungeon
  3037 | D:5      | Found a transporter.
  3038 | D:5      | Noticed polve's ghost (amateur VSMo)
  3038 | D:5      | Identified the +0 great mace "Goblinslayer" {holy, Int+3
                  | SInv}
  3039 | D:5      | Found a transporter.
  3086 | D:5      | Reached XP level 8. HP: 76/78 MP: 7/7
  3500 | D:5      | Reached skill level 7 in Unarmed Combat
  3580 | D:5      | Found a glowing drain.
  3600 | Sewer    | Entered a sewer
  3991 | D:5      | Gained mutation: You are dopey. (Int -2) [potion of
                  | mutation]
  3991 | D:5      | Gained mutation: Your flesh is cold resistant. (rC+)
                  | [potion of mutation]
  3991 | D:5      | Gained mutation: You possess an exceptional clarity of
                  | mind. [potion of mutation]
  4008 | D:5      | Killed polve's ghost
  4008 | D:5      | Reached skill level 5 in Fighting
  4008 | D:5      | Reached skill level 5 in Dodging
  4008 | D:5      | Reached XP level 9. HP: 78/88 MP: 8/8
  4097 | D:6      | Reached skill level 8 in Unarmed Combat
  4353 | D:6      | Found a staircase to the Ecumenical Temple.
  4375 | Temple   | Entered the Ecumenical Temple
  4639 | D:6      | Found Epotros's Magic Scroll Boutique.
  4643 | D:6      | Bought a scroll of magic mapping for 42 gold pieces
  4654 | D:6      | Found a stormy altar of Qazlal.
  4808 | D:6      | Reached skill level 5 in Shields
  4860 | D:6      | Found an opulent altar of Gozag.
  5394 | D:7      | Found a shattered altar of Ashenzari.
  5418 | D:7      | Reached XP level 10. HP: 78/98 MP: 9/9
  5464 | D:7      | Found a staircase to the Lair.
  5477 | D:7      | Noticed Joseph
  5495 | D:7      | Killed Joseph
  5855 | Lair:1   | Entered Level 1 of the Lair of Beasts
  5903 | Lair:2   | Reached skill level 9 in Unarmed Combat
  5926 | Lair:2   | Noticed an elephant
  5926 | Lair:2   | Noticed an elephant
  5926 | Lair:2   | Noticed an elephant
  5945 | Lair:2   | Killed an elephant
  5961 | Lair:2   | Killed an elephant
  5969 | Lair:2   | Killed an elephant
  6323 | Lair:2   | Noticed a black mamba
  6328 | Lair:2   | Killed a black mamba
  6422 | Lair:2   | Found a staircase to the Snake Pit.
  6588 | Lair:2   | Got a blackened dagger
  7137 | Lair:6   | Entered Level 6 of the Lair of Beasts
  7200 | Lair:5   | Noticed an elephant
  7217 | Lair:5   | Killed an elephant
  7217 | Lair:5   | Reached XP level 11. HP: 97/107 MP: 10/10
  7255 | Lair:5   | Found a staircase to the Slime Pits.
  7255 | Lair:5   | Found a viscous altar of Jiyva.
  7260 | Lair:5   | Became a worshipper of Jiyva Jicaeb the Shapeless
  7548 | Lair:5   | Reached skill level 10 in Unarmed Combat
  7866 | Lair:5   | Found a glowing silver altar of Zin.
  7997 | Lair:5   | Reached ** piety under Jiyva
  8159 | Lair:4   | Noticed a catoblepas
  8180 | Lair:4   | Killed a catoblepas
  8367 | Lair:4   | Noticed a six-headed hydra
  8390 | Lair:4   | Killed a 13-headed hydra
  8606 | Lair:4   | Gained mutation: You heal very quickly. [Troll growth]
  8606 | Lair:4   | Reached XP level 12. HP: 72/119 MP: 11/11
  9352 | Lair:4   | Found a staircase to the Swamp.
  9711 | Lair:3   | Lost mutation: You are dopey. (Int -2) [potion of mutation]
  9711 | Lair:3   | Lost mutation: You possess an exceptional clarity of mind.
                  | [potion of mutation]
  9711 | Lair:3   | Gained mutation: You are resistant to hostile enchantments.
                  | (MR+) [potion of mutation]
  9711 | Lair:3   | Gained mutation: Your body sometimes deteriorates upon
                  | taking damage. [potion of mutation]
  9711 | Lair:3   | Gained mutation: You passively map a small area around you.
                  | [potion of mutation]
  9927 | Lair:3   | Lost mutation: Your body sometimes deteriorates upon taking
                  | damage. [Jiyva's grace]
 10152 | Lair:3   | Noticed a six-headed hydra
 10162 | Lair:3   | Killed a ten-headed hydra
 10378 | Lair:1   | Reached *** piety under Jiyva
 10439 | Lair:1   | Reached skill level 11 in Unarmed Combat
 10463 | Lair:1   | Found a large runed translucent door.
 10464 | Lair:1   | Found a large runed translucent door.
 10467 | Lair:1   | Noticed dscm's ghost (journeyman OpAc)
 10962 | Lair:1   | Reached skill level 1 in Evocations
 11461 | D:8      | Found a hazy altar of Hepliaklqana.
 11498 | D:8      | Noticed Gastronok
 11517 | D:8      | Mangled by Gastronok
 11518 | D:8      | Reached XP level 11. HP: -8/113 MP: 11/11
 11532 | D:8      | Noticed Prince Ribbit
 11544 | D:8      | Killed Prince Ribbit
 11546 | D:8      | Noticed Maurice
 11567 | D:8      | Killed Gastronok
 11567 | D:8      | Reached XP level 12. HP: 122/122 MP: 11/13
 11572 | D:8      | Killed Maurice
 11605 | D:8      | Gained mutation: You are occasionally teleported next to
                  | monsters. [Jiyva's grace]
 11733 | D:8      | Noticed Grum
 11753 | D:8      | Reached **** piety under Jiyva
 11761 | D:8      | Killed Grum
 11832 | D:8      | Noticed Pikel
 11843 | D:8      | Killed Pikel
 11853 | D:8      | Found a sparkling altar of Nemelex Xobeh.
 12062 | D:9      | Found Obilyrio's Armour Emporium.
 12062 | D:9      | Found a staircase to the Orcish Mines.
 12062 | D:9      | Found Busk's Weapon Emporium.
 12062 | D:9      | Noticed a centaur warrior
 12075 | D:9      | Killed a centaur warrior
 12634 | D:9      | Noticed an angel
 12637 | D:9      | Gained mutation: Your rubbery body absorbs attacks. (AC +1,
                  | EV +1) [Jiyva's grace]
 12641 | D:9      | Found a shimmering altar of Xom.
 12641 | D:9      | Found a glowing silver altar of Zin.
 12972 | Slime:1  | Entered Level 1 of the Pits of Slime
 12982 | Slime:1  | Noticed an acid blob
 12984 | Slime:1  | Noticed an acid blob
 12985 | Slime:2  | Noticed an acid blob
 12986 | Slime:2  | Noticed a great orb of eyes
 13011 | Slime:3  | Found a viscous altar of Jiyva.
 13070 | Slime:5  | Entered Level 5 of the Pits of Slime
 13070 | Slime:5  | Noticed a great orb of eyes
 13071 | Slime:5  | Noticed an acid blob
 13073 | Slime:5  | Noticed an acid blob
 13075 | Slime:5  | Noticed an acid blob
 13081 | Slime:5  | Noticed a death ooze
 13083 | Slime:5  | Noticed an azure jelly
 13084 | Slime:5  | Noticed an acid blob
 13085 | Slime:5  | Found a viscous altar of Jiyva.
 13085 | Slime:5  | Noticed an azure jelly
 13085 | Slime:5  | Noticed a great orb of eyes
 13086 | Slime:5  | Noticed an azure jelly
 13147 | Slime:2  | Noticed an azure jelly
 13241 | Lair:6   | Reached ***** piety under Jiyva
 13387 | Lair:6   | Reached skill level 12 in Unarmed Combat
 13550 | Lair:6   | Reached XP level 13. HP: 131/131 MP: 15/15
 13564 | Lair:6   | Reached skill level 5 in Evocations
 13838 | Lair:6   | Gained mutation: You are covered in slimy tendrils that may
                  | disarm your opponents. [Jiyva's grace]
 13924 | Lair:6   | Reached skill level 10 in Fighting
 13924 | Lair:6   | Reached skill level 10 in Dodging
 14120 | Lair:6   | Gained mutation: You are partially covered in iridescent
                  | scales. (AC +2) [Jiyva's grace]
 14408 | Lair:6   | Reached skill level 13 in Unarmed Combat
 14982 | Orc      | Entered the Orcish Mines
 15154 | Orc      | Gained mutation: You have large cloven feet. [Jiyva's
                  | grace]
 15427 | D:9      | Reached XP level 14. HP: 105/144 MP: 16/16
 15466 | Orc      | Reached ****** piety under Jiyva
 15479 | Orc      | Gained mutation: Your body has grown golden eyes which may
                  | confuse attackers. (Acc +3) [Jiyva's grace]
 15500 | Orc      | Found a staircase to the Elven Halls.
 15643 | Orc      | Noticed Donald
 15699 | Orc      | Killed Donald
 15793 | D:10     | Entered Level 10 of the Dungeon
 15843 | D:10     | Reached skill level 1 in Throwing
 16749 | D:11     | Gained mutation: You are highly resistant to hostile
                  | enchantments. (MR++) [Jiyva's grace]
 16932 | D:11     | Identified Sif Muna's Grimoire of Displaced Stolen Souls
 17275 | D:11     | Noticed bande's ghost (journeyman GrFi)
 17276 | D:11     | Identified the +4 flail "Killer Bee's Curse" {venom, rC-
                  | Dex+4 SInv}
 17277 | D:11     | Found a runed translucent gate.
 17277 | D:11     | Found a runed translucent gate.
 17277 | D:11     | Found a runed translucent gate.
 17278 | D:11     | Found a roughly hewn altar of Beogh.
 17328 | D:11     | Killed bande's ghost
 17376 | D:11     | Got a crystal falchion
 17642 | D:12     | Entered Level 12 of the Dungeon
 17684 | D:12     | Found a gate to the Vaults.
 17717 | D:12     | Gained mutation: You have acidic saliva. [Jiyva's grace]
 17748 | D:12     | Reached skill level 5 in Throwing
 17845 | D:12     | Noticed a cyan very ugly thing
 17855 | D:12     | Killed a cyan very ugly thing
 17886 | D:12     | Found a staircase to the Depths.
 18606 | Slime:1  | Noticed an azure jelly
 18642 | Slime:2  | Noticed an azure jelly
 18651 | Slime:2  | Noticed an acid blob
 18653 | Slime:2  | Noticed an azure jelly
 18657 | Slime:3  | Noticed an acid blob
 18664 | Slime:3  | Noticed an acid blob
 18670 | Slime:4  | Noticed an azure jelly
 18670 | Slime:4  | Noticed an azure jelly
 18670 | Slime:4  | Noticed an acid blob
 18685 | Slime:4  | Noticed an azure jelly
 18705 | Slime:4  | Noticed an acid blob
 18706 | Slime:5  | Noticed the Royal Jelly
 18729 | Slime:5  | Noticed an azure jelly
 18739 | Slime:5  | Got a pitted silver ring
 18741 | Slime:5  | Identified the ring of the Battered Dances {Str+2 Dex+3
                  | Slay+3} (You found it on level 5 of the Pits of Slime)
 18741 | Slime:5  | Identified the +4 falchion of Destiny {chaos, rF+} (You
                  | found it on level 11 of the Dungeon)
 18741 | Slime:5  | Got a slimy rune of Zot
 18746 | Slime:5  | Identified the ring of the Stag {rPois rN+ Dex+4}
 18750 | Slime:5  | Identified the +2 robe of Disguise {Dex+2} (You found it on
                  | level 5 of the Pits of Slime)
 18754 | Slime:5  | Identified the +11 fustibalus of Molehi {velocity, *Contam
                  | Str+7 SInv}
 18778 | Slime:5  | Identified the +12 scimitar of Neurosis {freeze, MR+ Int+4
                  | Dex-3}
 18788 | Slime:5  | Identified the ring "Kyawnox" {+Fly rN+ Str+2}
 18798 | Slime:5  | Noticed an azure jelly
 18838 | Slime:5  | Noticed an acid blob
 18876 | Slime:5  | Noticed an acid blob
 18887 | Slime:5  | Noticed an acid blob
 19071 | Slime:4  | Noticed an acid blob
 19084 | Slime:3  | Noticed an acid blob
 19090 | Slime:2  | Noticed an acid blob
 19147 | Snake:1  | Entered Level 1 of the Snake Pit
 19181 | Snake:1  | Noticed Agnes
 19185 | Snake:1  | Killed Agnes
 19208 | Snake:1  | Lost mutation: Your flesh is cold resistant. (rC+) [Jiyva's
                  | grace]
 19319 | Snake:1  | Reached skill level 14 in Unarmed Combat
 19319 | Snake:1  | Reached XP level 15. HP: 143/154 MP: 17/17
 19635 | Snake:1  | Identified the +7 long sword "polve's Doom" {venom, rF+
                  | Str-5 Dex+2}
 19715 | Snake:1  | Noticed Kirke
 19721 | Snake:1  | Killed Kirke
 19857 | Snake:1  | Lost mutation: Your body has grown golden eyes which may
                  | confuse attackers. (Acc +3) [Jiyva's grace]
 20530 | Snake:2  | Noticed Aizul
 20541 | Snake:2  | Killed Aizul
 20666 | Snake:2  | Found Kenoer's Weapon Shop.
 20791 | Snake:2  | Found a sacrificial altar of Ru.
 20882 | Snake:2  | Lost mutation: You have large cloven feet. [Jiyva's grace]
 21064 | Snake:2  | Noticed a nagaraja
 21088 | Snake:2  | Killed a nagaraja
 21449 | Snake:3  | Entered Level 3 of the Snake Pit
 21470 | Snake:3  | Found a flickering gateway to a bazaar.
 21483 | Bazaar   | Entered a bazaar
 21588 | Bazaar   | Found Urriul's Book Shoppe.
 21588 | Bazaar   | Found Nesm's Weapon Shoppe.
 21624 | Bazaar   | Found Reelon's General Store.
 21624 | Bazaar   | Found Wimeus's Antique Weapon Emporium.
 21883 | Snake:3  | Gained mutation: Your flesh is cold resistant. (rC+) [Troll
                  | growth]
 21883 | Snake:3  | Reached XP level 16. HP: 158/165 MP: 19/19
 21929 | Snake:3  | Lost mutation: You passively map a small area around you.
                  | [Jiyva's grace]
 21998 | Snake:2  | Lost mutation: You are occasionally teleported next to
                  | monsters. [Jiyva's power]
 22670 | Orc      | Found Karu's Book Emporium.
 22670 | Orc      | Found Jafosen's Food Shoppe.
 22671 | Orc      | Found Yshut's Armour Shoppe.
 22674 | Orc      | Found Ymon's Armour Emporium.
 22908 | Elf:1    | Entered Level 1 of the Elven Halls
 23177 | Elf:1    | HP: 2/165 [deep elf mage/bolt of fire (27)]
 23178 | Elf:1    | Incinerated by a deep elf mage
 23179 | Elf:1    | Reached XP level 15. HP: -1/156 MP: 18/18
 23230 | Elf:1    | HP: 4/156 [drowned by a water elemental (9)]
 23231 | Elf:1    | Drowned by a water elemental

Skill      XL: |  1  2  3  4  5  6  7  8  9 10 11 12 13 14 15 16 |
---------------+-------------------------------------------------+-----
Unarmed Combat | 3 4 5 6 7 8 9 10 12 13 14 | 14.8
Fighting       | 3 4 5 6 7 9 10 11 12 | 12.1
Dodging        | 3 4 5 6 7 9 10 11 12 | 12.1
Shields        | 3 4 5 6 8 9 |  9.0
Evocations     | 2 4 5 6 |  6.0
Throwing       | 5 8 9 |  9.4

Action                   |  1- 3 |  4- 6 |  7- 9 | 10-12 | 13-15 | 16-18 || total
-------------------------+-------+-------+-------+-------+-------+-------++-------
Melee: Unarmed           |    58 |   136 |   297 |   834 |  1172 |   147 ||  2644
       Kick              |       |       |       |       |   331 |       ||   331
       Bite              |       |       |       |       |    79 |    33 ||   112
Throw: Large rock        |       |       |       |       |       |     1 ||     1
Invok: Slimify           |       |       |       |       |     2 |       ||     2
       Cure Bad Mutation |       |       |       |       |       |     5 ||     5
 Abil: Evoke Berserk Rag |       |       |       |     4 |     3 |       ||     7
  Use: Scroll            |       |     1 |     6 |    13 |     7 |     1 ||    28
       Potion            |       |       |     3 |     2 |     1 |     2 ||     8
 Stab: Sleeping          |     1 |     1 |     1 |     1 |     2 |       ||     6
       Confused          |       |       |       |       |     5 |       ||     5
  Eat: Chunk             |    12 |     7 |    25 |    60 |    55 |     7 ||   166
Armor: Skin              |    11 |    37 |    56 |   202 |   294 |    42 ||   642
Dodge: Dodged            |    11 |    35 |    82 |   364 |   659 |    92 ||  1243
Block: Shield            |    24 |    71 |   128 |   434 |   702 |   102 ||  1461
